 Dungeon Crawl Stone Soup version 0.24-a0-439-g6dd8730de2 (webtiles) character file.

Game seed: 5289578057808273357

131 nikopol the Magician (level 4, -3/24 HPs)
             Began as a Deep Elf Fire Elementalist on June 18, 2019.
             Killed from afar by an orc wizard (9 damage)
             ... with a puff of flame
             ... on level 3 of the Dungeon.
             The game lasted 00:06:23 (2738 turns).

nikopol the Magician (Deep Elf Fire Elementalist)   Turns: 2738, Time: 00:06:23

Health: -3/24      AC:  2    Str:  5    XL:     4   Next: 91%
Magic:  11/12      EV: 13    Int: 21    God:
Gold:   79         SH:  0    Dex: 15    Spells: 6/12 levels left

rFire    . . .     SeeInvis .   (no weapon)
rCold    . . .     Gourm    .   g - +0 buckler
rNeg     . . .     Faith    .   a - +0 robe
rPois    .         Spirit   .   (no helmet)
rElec    .         Reflect  .   (no cloak)
rCorr    .         Harm     .   (no gloves)
MR       .....                  (no boots)
Stlth    +.........             (no amulet)
HPRegen  0.08/turn              (no ring)
MPRegen  0.13/turn              (no ring)

@: confused
A: no striking features
a: no special abilities


You were on level 3 of the Dungeon.
You were not hungry.

You visited 1 branch of the dungeon, and saw 3 of its levels.

You collected 79 gold pieces.

Inventory:

Armour
 a - a +0 robe (worn)
 g - a +0 buckler (worn)
Jewellery
 k - a +3 ring of slaying {unknown}
Scrolls
 d - a scroll of fog {unknown}
 f - 4 scrolls of identify {unknown}
 i - a scroll of magic mapping {unknown}
 j - a scroll of remove curse {unknown}
Potions
 b - 2 potions of curing {unknown}
 e - a potion of might {unknown}
 h - 2 potions of agility {unknown}
 l - a potion of haste {unknown}
Comestibles
 c - 2 rations
 m - 2 chunks of flesh


   Skills:
 + Level 3.0 Dodging
 + Level 2.8 Stealth
 * Level 0.9 Shields
 + Level 4.5 Spellcasting
 + Level 2.1 Conjurations
 + Level 4.3 Fire Magic


You had 6 spell levels left.
You knew the following spells:

 Your Spells              Type           Power        Failure   Level  Hunger
a - Flame Tongue          Conj/Fire      ###..        4%          1    None
b - Throw Flame           Conj/Fire      ###...       7%          2    #......
c - Conjure Flame         Conj/Fire      ###.....     13%         3    ##.....

Your spell library contained the following spells:

 Spells                   Type           Power        Failure   Level  Hunger
 Inner Flame              Hex/Fire       ##......     21%         3    ##.....
 Sticky Flame             Conj/Fire      ###.....     41%         4    ####...
 Fireball                 Conj/Fire      ###.......   77%         5    ######.


Dungeon Overview and Level Annotations

Branches:
Dungeon (3/15)

Altars:
Nemelex Xobeh


Message History

You are confused.
You bump into the rock wall.
A puff of flame appears from out of thin air!
The puff of flame hits you.
You bump into the rock wall.
The orc wizard gestures at you while chanting.
You bump into the rock wall.
You feel less confused.
A magic dart appears from out of thin air!
The magic dart hits you!
* * * LOW HITPOINT WARNING * * *
Something tries to affect you, but you resist.
You are confused.
You see here a bat corpse.
You are more confused.
The orc wizard mumbles some strange words.
The orc wizard blinks!
A puff of flame appears from out of thin air!
The puff of flame hits you!
You die...

###### ##### #....#
#...# #....# #...#
##....#
##..@#######.....#
####....†...........#
#...<...########....#
..###.[<# #....# #
#...# ##.### ##..#
#.# ##.# #o# #.# #.#
#.# #.#


There were no monsters in sight!

Vanquished Creatures
  4 adders (D:2)
  2 oozes
  3 worms (D:2)
  A dart slug (D:1)
  7 leopard geckos
  3 orcs (D:3)
  A ball python (D:2)
  5 giant cockroaches
  4 goblins
  7 hobgoblins
  4 jackals
  A quokka (D:1)
  5 bats
  3 frilled lizards
  6 kobolds
  7 rats
63 creatures vanquished.

Notes
Turn   | Place    | Note
-------+----------+-------------------------------------------
     0 | D:1      | nikopol the Deep Elf Fire Elementalist began the quest for
                  | the Orb.
     0 | D:1      | Reached XP level 1. HP: 10/10 MP: 6/6
   235 | D:1      | Reached XP level 2. HP: 15/15 MP: 3/8
   788 | D:1      | Reached XP level 3. HP: 19/19 MP: 8/10
   799 | D:1      | Learned a level 2 spell: Throw Flame
   803 | D:1      | Learned a level 3 spell: Conjure Flame
  1916 | D:2      | Reached XP level 4. HP: 24/24 MP: 10/12
  1973 | D:2      | Found a sparkling altar of Nemelex Xobeh.
  2738 | D:3      | Killed from afar by an orc wizard

Levels and vault maps discovered:
D:1:      onia_arrival_larder, layout_basic
D:2:      layout_basic, columned_hall_lemuel, nemelex_xobeh_ov_fountains_minmay
D:3:      layout_rooms, fedhas_ov_isle_minmay, elyvilon_altar_5, first_ration,
          uniq_robin, uniq_jessica

Skill      XL: |  1  2  3  4 |
---------------+-------------+-----
Dodging        | 3 |  3.0
Spellcasting   | 4 |  4.5
Fire Magic     | 4 |  4.3
Conjurations   | 2 |  2.1
Stealth        | |  2.8
Shields        | |  0.9

Action                   |  1- 3 |  4- 6 || total
-------------------------+-------+-------++-------
 Cast: Flame Tongue      |    78 |    47 ||   125
       Throw Flame       |     5 |       ||     5
  Eat: Chunk             |     1 |     4 ||     5
Armor: Robe              |     4 |     2 ||     6
Dodge: Dodged            |    15 |     8 ||    23
Block: Buckler           |     1 |     4 ||     5

Table legend:
 A = Non-vault XP
 B = Vault XP
 C = Vault XP percentage of total XP
 D = Non-vault monster count
 E = Vault monster count
 F = Vault count percentage of total count
                 A         B        C        D         E       F
            +---------+---------+-------+---------+---------+-------
      Total |     179 |       9 |   4.8 |      56 |       7 |  11.1
            +---------+---------+-------+---------+---------+-------
        D:1 |      43 |       9 |  17.3 |      18 |       7 |  28.0
        D:2 |     118 |       0 |   0.0 |      31 |       0 |   0.0
        D:3 |      18 |       0 |   0.0 |       7 |       0 |   0.0
            +---------+---------+-------+---------+---------+-------
